 Dungeon Crawl Stone Soup version 0.27.1-34-g3ba077fa99 (webtiles) character file.

Game seed: 1386769181776893306

304 KamiKatze the Shield-Bearer (level 6, -1/39 HPs)
             Began as a Gargoyle Fighter on Jan 7, 2022.
             Slain by an ogre (6 damage)
             ... on level 4 of the Dungeon.
             The game lasted 00:09:28 (2838 turns).

KamiKatze the Shield-Bearer (Gargoyle Fighter)      Turns: 2838, Time: 00:09:29

Health: -1/39      AC: 11    Str: 21    XL:     6   Next: 38%
Magic:  6/6        EV:  7    Int:  9    God:
Gold:   111        SH:  9    Dex:  9    Spells: 5/5 levels left

rFire    . . .     SeeInvis .   a - +0 war axe (vorpal)
rCold    . . .     Faith    .   c - +0 kite shield
rNeg     + . .     Spirit   .   b - +0 scale mail
rPois    ∞         Reflect  .   (no helmet)
rElec    +         Harm     .   (no cloak)
rCorr    .         Rampage  .   (no gloves)
Will     .....                  (no boots)
Stlth    ..........             (no amulet)
HPRegen  0.13/turn              (no ring)
MPRegen  0.10/turn              (no ring)

@: mighty
A: sickness immunity, AC +4, negative energy resistance 1, electricity
resistance, torment resistance 1, petrification resistance
a: no special abilities


You were on level 4 of the Dungeon.
You visited 1 branch of the dungeon, and saw 5 of its levels.

You collected 111 gold pieces.

Inventory:

Hand Weapons
 a - a +0 vorpal war axe (weapon)
Missiles
 e - 9 poisoned darts (quivered)
 g - 53 stones
 k - a throwing net
Armour
 b - a +0 scale mail (worn)
 c - a +0 kite shield (worn)
Jewellery
 f - an amulet of faith
Scrolls
 h - a scroll of vulnerability
 j - a scroll of identify
Potions
 d - 2 potions of might
 l - a potion of haste {unknown}
 m - a potion of lignification {unknown}
 n - a potion of ambrosia


   Skills:
 + Level 4.3 Fighting
 * Level 3.6 Axes
 + Level 4.2 Armour
 * Level 5.1 Shields


You had 5 spell levels left.
You didn't know any spells.
Your spell library contained the following spells:

 Spells                   Type           Power      Damage    Failure   Level
 Gell's Gravitas          Tloc           0%         N/A       100%        3
 Lesser Beckoning         Tloc           0%         N/A       100%        3
 Teleport Other           Tloc           0%         N/A       100%        3


Dungeon Overview and Level Annotations

Branches:
Dungeon (5/15)
 Temple: D:4-7

Altars:

Shops:
D:3 (

Annotations:
D:3 3 runed translucent doors, exclusion: 3 doors, Cykl0x's ghost, amateur GrGl


Innate Abilities, Weirdness & Mutations

You are immune to sickness and miasma.
Your stone body is resilient. (AC +4)
You are immune to poison.
You resist negative energy. (rN+)
You are resistant to electric shocks. (rElec)
You are resistant to unholy torment.
You are immune to petrification.


Message History

There is an open door here.
There's nothing to close nearby.
You close the door.
An orc opens the door.
The orc wizard gestures at you while chanting.
You resist with some effort.
There is a stone staircase leading up here.
As you read the scroll labelled KEPOPO YTZE, it crumbles to dust.
It is a scroll of brand weapon.
Your +0 war axe emits a brilliant flash of light!
a - a +0 vorpal war axe (weapon)
You climb upwards.
You hear the sound of rushing water.
There is an entrance to a sewer on this level.
Hurry and find it before the portal rusts away!
You hear the rapid rusting of a drain.
You block the orc wizard's attack. The ogre hits you with a +0 giant club!
* * * LOW HITPOINT WARNING * * *
The orc wizard hits you but does no damage.
There is a stone staircase leading down here.
You feel very mighty all of a sudden.
The orc wizard points at you and mumbles some strange words.
The puff of flame hits you.
* * * LOW HITPOINT WARNING * * *
You slash the orc wizard!
The orc wizard is severely wounded.
The orc wizard hits you but does no damage.
The orc wizard casts a spell at you. The puff of flame misses you.
Unknown command.
You barely miss the orc wizard.
The orc wizard is severely wounded.
The orc wizard casts a spell at you. The puff of flame hits you.
* * * LOW HITPOINT WARNING * * *
You slash the orc wizard!
You kill the orc wizard!
You slash the orc!
You kill the orc!
The ogre hits you with a +0 giant club.
You die...

........##.#
#.#
.######.##.#
#.# ## #.##.#
#.# .. #.##.#
#.# #. #[##.#
#. #.# .# #.
##.##.#
#.##....# ###
#.@O..>.##..
# ######..#.#
# ###.# # #.#
# #.# #
##.##### #
#..O..o######
#.####O......
#. ########


You could see an ogre.

Vanquished Creatures
  A scorpion (D:5)
  A hound (D:4)
  An orc priest (D:5)
  An iguana (D:5)
  An orc wizard (D:4)
  2 hound skeletons (D:4)
  A white imp (D:5)
  A worm (D:3)
  3 dart slugs
  14 orcs
  10 ball pythons
  6 bats
  7 endoplasms
  7 giant cockroaches
  2 hobgoblins
  4 jackals (D:1)
  7 kobolds
  4 quokkas
  2 frilled lizards (D:2)
  7 goblins
  2 rats
84 creatures vanquished.

Vanquished Creatures (others)
  A fungus (D:3)
  24 plants
25 creatures vanquished.

Grand Total: 109 creatures vanquished

Notes
Turn   | Place    | Note
-------+----------+-------------------------------------------
     0 | D:1      | KamiKatze the Gargoyle Fighter began the quest for the Orb.
     0 | D:1      | Reached XP level 1. HP: 14/14 MP: 1/1
   151 | D:1      | Reached XP level 2. HP: 16/19 MP: 2/2
   447 | D:1      | Reached XP level 3. HP: 21/23 MP: 3/3
  1250 | D:2      | Reached skill level 4 in Shields
  1632 | D:3      | Found Keankuxa's Antique Weapon Emporium.
  1777 | D:3      | Reached XP level 4. HP: 29/29 MP: 4/4
  1902 | D:3      | Found a runed translucent gate.
  1902 | D:3      | Found a runed translucent gate.
  1902 | D:3      | Found a runed translucent gate.
  1905 | D:3      | Noticed Cykl0x's ghost (amateur GrGl)
  1906 | D:3      | Noticed a kobold brigand
  2374 | D:4      | Reached XP level 5. HP: 18/33 MP: 5/5
  2455 | D:4      | Noticed an ogre
  2477 | D:5      | Entered Level 5 of the Dungeon
  2787 | D:5      | Reached skill level 5 in Shields
  2787 | D:5      | Reached XP level 6. HP: 30/38 MP: 6/6
  2838 | D:4      | Slain by an ogre

Illustrated notes

Levels and vault maps discovered:
D:1:      minmay_arrival_arboretum_small, layout_loops_corners,
          hangedman_decor_riveting
D:2:      layout_loops_ring
D:3:      layout_rooms, gammafunk_ghost_nasty_kobolds, serial_shops,
          nicolae_shop_behind_doors
D:4:      layout_loops_ring, grunt_temple_overflow_bloody_war,
          nicolae_xom_altar_mimics, gup_sewer_entry_bubbles
D:5:      layout_gridville, mainiacjoe_overflow_boulevard, serial_bayou_lagoon_a

Skill      XL: |  1  2  3  4  5 |
---------------+----------------+-----
Axes           | 2 3 |  3.6
Shields        | 4 5 |  5.1
Fighting       | 4 |  4.3
Armour         | 4 |  4.2

Action                   |  1- 3 |  4- 6 || total
-------------------------+-------+-------++-------
Melee: War axe           |   122 |   144 ||   266
  Use: Scroll            |     1 |     5 ||     6
       Potion            |       |     1 ||     1
Armor: Scale mail        |    63 |    89 ||   152
Dodge: Dodged            |    35 |    36 ||    71
Block: Kite shield       |    59 |    91 ||   150
